 Dungeon Crawl Stone Soup version 0.16-a0-328-gfd822c7 (webtiles) character file.

27 Ratboiler the Insei (level 3, -3/23 HPs)
             Began as an Octopode Transmuter on Sept 6, 2014.
             Slain by casual's ghost (4 damage)
             ... on Level 3 of the Dungeon.
             The game lasted 00:03:07 (1735 turns).

Ratboiler the Insei (Octopode Transmuter)           Turns: 1735, Time: 00:03:07

HP  -3/23        AC  2     Str  9      XL: 3   Next: 10%
MP   3/6         EV 20     Int 15      God:
Gold 85          SH  0     Dex 18      Spells:  3 memorised,  0 levels left

rFire  . . .     SeeInvis .       - Unarmed
rCold  . . .     Clarity  .     (shield currently unavailable)
rNeg   . . .     rCorr    .     (helmet currently unavailable)
rPois  x         rRot     .     (no amulet)
rElec  .         Spirit   .     (no ring)
SustAb .         Warding  .     (no ring)
rMut   .         Stasis   .     (no ring)
Gourm  .                        (no ring)
MR     .....                    (no ring)
                                (no ring)
                                (no ring)
                                (no ring)

@: spider-form (expiring), not resistant to hostile enchantments, unstealthy
A: almost no armour, amphibious, 8 rings, (constrict 8), (camouflage 0),
(gelatinous body 0)
a: End Transformation


You were on level 3 of the Dungeon.
You were hungry.
You were in spider-form.
You visited 1 branch of the dungeon, and saw 3 of its levels.

You collected 85 gold pieces.

Inventory:

Missiles
 b - 12 arrows
 l - 7 poisoned needles
Comestibles
 a - 3 bread rations
 j - a beef jerky
 o - a meat ration
Scrolls
 e - 2 scrolls of enchant weapon {unknown}
 f - 2 scrolls of identify {unknown}
 h - a scroll of recharging {unknown}
Potions
 c - a potion of restore abilities {unknown}
 g - a potion of curing {unknown}
 i - 2 potions of cancellation {unknown}
 k - a potion of lignification {unknown}
 n - a potion of might {unknown}
Books
 d - a book of Changes

   Spells                             Type                      Level
   *Beastly Appendage                 Transmutation                1
   *Sticks to Snakes                  Transmutation                2
   *Spider Form                       Transmutation/Poison         3
   Ice Form                           Ice/Transmutation            4
   Blade Hands                        Transmutation                5


   Skills:
 - Level 1.0 Fighting
 - Level 2.0 Dodging
 + Level 3.5 Unarmed Combat
 - Level 2.0 Spellcasting
 + Level 2.8 Transmutations


You couldn't memorise any spells.
You knew the following spells:

 Your Spells              Type           Power        Failure   Level  Hunger
a - Beastly Appendage     Trmt           ##....       24%         1    #......
b - Sticks to Snakes      Trmt           ##........   28%         2    ###....
c - Spider Form           Trmt/Pois      #.........   65%         3    ####...


Dungeon Overview and Level Annotations

Branches:
Dungeon (3/15)

Altars:

Annotations:
D:2 Sigmund
D:3 casual's ghost, average HuMo


Innate Abilities, Weirdness & Mutations

You cannot wear most types of armour.
You are amphibious.
You can wear up to eight rings at the same time.
((You can use your tentacles to constrict many enemies at once.))
((Your skin changes colour to match your surroundings (Stealth).))
((Your rubbery body absorbs attacks (AC +1).))


Message History

Casual's ghost hits you.
* * * LOW HITPOINT WARNING * * *
You hit casual's ghost but do no damage.
Casual's ghost is lightly damaged.
Casual's ghost hits you.
* * * LOW HITPOINT WARNING * * *
You barely miss casual's ghost.
Casual's ghost is lightly damaged.
Casual's ghost hits you!
* * * LOW HITPOINT WARNING * * *
You barely miss casual's ghost.
Casual's ghost is lightly damaged.
You hit casual's ghost.
Casual's ghost is moderately damaged.
Casual's ghost shouts, "There is no future for me!"
Casual's ghost completely misses you.
You completely miss casual's ghost.
Casual's ghost is moderately damaged.
Casual's ghost hits you.
You die...

## .# .##
..#
##.####..#
#..).....#
#s# #W#
#......#
.....##.###
##.S #.#
?.. ..# J
###


You could see casual's ghost.

Vanquished Creatures
  An ooze (D:1)
  A giant cockroach (D:1)
  3 goblins (D:1)
  4 hobgoblins (D:1)
  3 jackals (D:1)
  A kobold (D:1)
  A ball python (D:3)
  6 bats
  A giant newt (D:1)
  2 rats (D:1)
23 creatures vanquished.

Notes
Turn   | Place    | Note
--------------------------------------------------------------
     0 | D:1      | Ratboiler, the Octopode Transmuter, began the quest for the Orb.
     0 | D:1      | Reached XP level 1. HP: 13/13 MP: 3/3
   448 | D:1      | Reached XP level 2. HP: 18/18 MP: 2/4
   452 | D:1      | Learned a level 2 spell: Sticks to Snakes
  1279 | D:1      | Reached XP level 3. HP: 15/23 MP: 4/6
  1422 | D:1      | Learned a level 3 spell: Spider Form
  1677 | D:2      | Noticed Sigmund
  1726 | D:3      | Noticed casual's ghost (average HuMo)
  1732 | D:3      | HP: 1/23 [casual's ghost (7)]
  1735 | D:3      | Slain by casual's ghost

Action                   || total
-------------------------++-------
Melee: Unarmed           ||    66
 Cast: Beastly Appendage ||     6
       Spider Form       ||     1
  Eat: Chunk             ||     2
